 Dungeon Crawl Stone Soup version 0.32-a0-141-g04fe69798e (webtiles) character file.

Game seed: 2207630320035161115

933 Asharian the Cleaver (level 7, -1/63 HPs)
             Began as a Minotaur Berserker on Feb 11, 2024.
             Was an Elder of Trog.
             Slain by Duvessa
             ... wielding a +0 short sword
              (3 damage)
             ... on level 6 of the Dungeon.
             The game lasted 00:16:46 (3642 turns).

Asharian the Cleaver (Minotaur Berserker)           Turns: 3642, Time: 00:16:46

Health: -1/63      AC: 15    Str: 23    XL:     7   Next: 86%
Magic:  6/6        EV:  7    Int:  4    God:    Trog [****..]
Gold:   222        SH:  5    Dex: 10    Spells: 6/6 levels left

rFire   . . .        a - +0 hand axe
rCold   . . .        (no shield)
rNeg    . . .        c - +0 plate armour
rPois   .            (helmet restricted)
rElec   .            q - +2 cloak {rCorr}
rCorr   +            (no gloves)
SInv    .            (no boots)
Will    .....        e - amulet of reflection Stlth
                     o - ring of flight
HPRegen 0.30/turn    (no ring)
MPRegen 0.10/turn

%: reflection
@: mighty, flying
A: horns 2, retaliatory headbutt
a: Renounce Religion, Berserk, Trog's Hand, Brothers in Arms


You were on level 6 of the Dungeon.
You worshipped Trog.
Trog was greatly pleased with you.
You visited 1 branch of the dungeon, and saw 6 of its levels.
You also visited: Ossuary.

You collected 222 gold pieces.

Inventory:

Hand Weapons
 a - a +0 hand axe (weapon)
 i - a +0 sling
 p - a +4 quarterstaff of chaos
 s - a +0 flail
 w - a +4 dagger of freezing
Missiles
 b - 32 stones
 k - 6 curare-tipped darts (quivered)
 v - 2 boomerangs
Armour
 c - a +0 plate armour (worn)
 q - a +2 cloak of preservation (worn)
 x - a +2 ring mail of willpower
Jewellery
 e - an amulet of reflection (around neck)
 o - a ring of flight (left hand)
 u - a ring of willpower
Talismans
 d - a flux talisman
 n - a serpent talisman
Wands
 h - a wand of iceblast (16)
 D - a wand of quicksilver (3)
Scrolls
 l - 2 scrolls of blinking {unknown}
 r - a scroll of revelation {unknown}
 t - a scroll of acquirement {unknown}
 y - a scroll of teleportation {unknown}
 A - 2 scrolls of identify {unknown}
 C - 2 scrolls of vulnerability {unknown}
 E - a scroll of enchant weapon {unknown}
 H - a scroll of noise {unknown}
 I - a scroll of amnesia {unknown}
Potions
 f - 2 potions of mutation {unknown}
 g - 2 potions of invisibility {unknown}
 j - a potion of degeneration {unknown}
 m - a potion of haste {unknown}
 z - 3 potions of enlightenment {unknown}
 B - a potion of resistance {unknown}
 F - 2 potions of might
 G - 2 potions of lignification {unknown}


   Skills:
 + Level 6.1 Fighting
 + Level 8.6 Axes
 + Level 4.8 Armour
 + Level 2.4 Dodging
 + Level 0.3 Stealth
 + Level 3.1 Shields


You had 6 spell levels left.
You didn't know any spells.
Your spell library was empty.

Dungeon Overview and Level Annotations

Branches:
Dungeon (6/15)            Ossuary (visited)
 Temple: D:4-7

Altars:

Shops:
D:1 !

Annotations:
D:6 Duvessa, Prince Ribbit


Innate Abilities, Weirdness & Mutations

You have a pair of horns on your head.
You reflexively headbutt those who attack you in melee.


Message History

Duvessa is lightly wounded.
You hit the shadow imp. Duvessa hits you with a +0 short sword.
An orc wizard breaks down the door.
You barely miss Duvessa. You headbutt Duvessa!
Duvessa is moderately wounded.
You barely miss the shadow imp. Duvessa hits you with a +0 short sword.
The shadow imp barely misses you.
You hit Duvessa but do no damage. You headbutt Duvessa!
Duvessa is heavily wounded.
You barely miss the orc wizard. You completely miss the shadow imp.
Duvessa hits you but does no damage. The shadow imp hits you.
Duvessa hits you with a +0 short sword.
You hit Duvessa. Your headbutt misses Duvessa.
Duvessa is heavily wounded.
You closely miss the shadow imp.
You hit the orc wizard but do no damage.
The orc wizard hits you but does no damage.
The shadow imp hits you but does no damage.
Duvessa hits you with a +0 short sword!
* * * LOW HITPOINT WARNING * * *
Prince Ribbit blinks!
Duvessa hits you with a +0 short sword.
You stop removing your armour.
* * * LOW HITPOINT WARNING * * *
The orc wizard hits you with a +0 dagger.
* * * LOW HITPOINT WARNING * * *
You block the shadow imp's attack.
Okay, then.
It was a potion of might.
You feel very mighty all of a sudden. Duvessa hits you with a +0 short sword!
* * * LOW HITPOINT WARNING * * *
You block the orc wizard's attack.
The shadow imp hits you but does no damage.
Duvessa barely misses you.
Unknown command.
You hit Duvessa. You headbutt Duvessa!!
Duvessa is almost dead.
You closely miss the shadow imp. You hit the orc wizard.
Duvessa hits you with a +0 short sword.
You die...

#....'..............'.
###.#..............#
..................#
..................+
.................#
###..............#
+.....###......#
#.....#.#......#
#..###.###@.###
..#.....5eo##
###.###...# .
#.#...ยง.# ^.
..###....F# ...
..........# ....
..........###.....
..........).......
..........).......


You could see Prince Ribbit, Duvessa (berserk), an orc wizard and a shadow imp.

Vanquished Creatures
  A phantom (D:5)
  A centaur (D:4)
  An elf zombie (Ossuary)
  A scorpion (D:5)
  Dowan (D:6)
  A bombardier beetle (D:4)
  3 hounds
  A human zombie (Ossuary)
  Crazy Yiuf (D:2)
  2 iguanas
  Terence (D:3)
  A sleepcap (D:4)
  Natasha (thrice) (D:3)
  4 mummies (Ossuary)
  6 adders
  A shadow imp (D:4)
  A white imp (D:6)
  2 ribbon worms
  4 dart slugs
  19 orcs
  5 bats
  2 endoplasms
  4 giant cockroaches
  11 goblins
  9 hobgoblins
  2 quokkas
  4 ball pythons
  5 frilled lizards
  3 goblin zombies (Ossuary)
  A hobgoblin zombie (Ossuary)
  A jackal zombie (Ossuary)
  4 kobolds
  2 kobold zombies (Ossuary)
  3 orc zombies (Ossuary)
  5 rats
116 creatures vanquished.

Notes
Turn   | Place    | Note
-------+----------+-------------------------------------------
     0 | D:1      | Asharian the Minotaur Berserker began the quest for the
                  | Orb.
     0 | D:1      | Reached XP level 1. HP: 19/19 MP: 0/0
    49 | D:1      | Found Diafol's Distillery.
    93 | D:1      | Reached skill level 4 in Axes
    93 | D:1      | Reached XP level 2. HP: 27/27 MP: 1/1
   209 | D:1      | You fall into a shaft and drop 1 floor!
   259 | D:2      | Reached ** piety under Trog
   260 | D:2      | Reached XP level 3. HP: 33/33 MP: 2/2
   517 | D:2      | Reached XP level 4. HP: 41/41 MP: 3/3
   637 | D:2      | Found a runed translucent door.
   653 | D:2      | Noticed Crazy Yiuf
   814 | D:2      | Killed Crazy Yiuf
   815 | D:2      | Reached skill level 5 in Axes
   815 | D:2      | Reached skill level 1 in Shields
  1227 | D:3      | Noticed Terence
  1238 | D:3      | Killed Terence
  1239 | D:3      | Reached XP level 5. HP: 45/47 MP: 4/4
  1260 | D:3      | Noticed Natasha
  1270 | D:3      | Killed Natasha
  1580 | D:3      | Noticed Natasha
  1592 | D:3      | Killed Natasha
  1593 | D:3      | Reached skill level 6 in Axes
  1794 | D:3      | Noticed Natasha
  1808 | D:3      | Killed Natasha
  1976 | D:4      | Reached XP level 6. HP: 55/55 MP: 5/5
  1980 | D:4      | Reached *** piety under Trog
  2325 | D:4      | Reached skill level 5 in Fighting
  2325 | D:4      | Reached skill level 7 in Axes
  2868 | D:5      | Entered Level 5 of the Dungeon
  2923 | D:5      | Noticed an ice beast
  3025 | D:5      | Reached XP level 7. HP: 61/61 MP: 6/6
  3372 | D:6      | Noticed Dowan
  3373 | D:6      | Reached skill level 8 in Axes
  3381 | D:6      | Killed Dowan
  3399 | D:6      | Found a sand-covered staircase.
  3406 | Ossuary  | Entered an ossuary
  3418 | Ossuary  | Reached **** piety under Trog
  3622 | D:6      | Noticed Duvessa
  3622 | D:6      | Noticed Prince Ribbit
  3641 | D:6      | HP: 2/63 [Duvessa/+0 short sword (8)]
  3642 | D:6      | Slain by Duvessa

Illustrated notes

Levels and vault maps discovered:
D:1:      tarquinn_simple_flora_water_e, layout_basic,
          dreamdust_ecumenical_altar_drowned_temple, serial_shops,
          nicolae_shop_industrial_runoff, roderic_nine_men_s_morris
D:2:      layout_rooms, grunt_ministairs_5, uniq_crazy_yiuf_cottage
D:3:      layout_basic, uniq_terence, uniq_natasha
D:4:      layout_gridville, serial_bayou_crossing
D:5:      layout_basic
D:6:      minmay_diamond_boxcup, layout_basic, mainiacjoe_overflow_tiny_flanked,
          nicolae_ossuary_entry_plus, eino_tiny_chamber, uniq_prince_ribbit1,
          uniq_duvessa

Skill      XL: |  1  2  3  4  5  6  7 |
---------------+----------------------+-----
Axes           | 4 5 6 7 8 |  8.6
Fighting       | 4 5 6 |  6.1
Armour         | 3 4 |  4.8
Shields        | 1 2 3 |  3.1
Dodging        | |  2.4
Stealth        | |  0.3

Action                     |  1- 3 |  4- 6 |  7- 9 || total
---------------------------+-------+-------+-------++-------
  Melee: Hand axe          |   100 |   188 |    78 ||   366
         Headbutt          |     7 |    26 |    19 ||    52
         Punch             |     2 |    11 |     4 ||    17
    Use: Potion            |       |       |     1 ||     1
 Armour: Plate armour      |    90 |   128 |    87 ||   305
  Dodge: Dodged            |    40 |    78 |    27 ||   145
  Block: Other             |    17 |    44 |    12 ||    73
         Reflection        |       |     3 |       ||     3

Table legend: (Time is in decaauts)
 A = Elapsed time spent in this place.
 B = Non-inter-level travel time spent in this place.
 C = Inter-level travel time spent in this place.
 D = Time resting spent in this place.
 E = Time spent auto-exploring this place.
 F = Levels seen in this place.
 G = Mean time per level.
                   A        B        C        D        E       F      G
               +--------+--------+--------+--------+--------+-----+--------+
         Total |   3643 |   2895 |    748 |      0 |   2008 |   7 |  520.4 |
       Dungeon |   3449 |   2701 |    748 |      0 |   1955 |   6 |  574.8 |
       Ossuary |    193 |    193 |      0 |      0 |     53 |   1 |  193.0 |
               +--------+--------+--------+--------+--------+-----+--------+

Top non-repeatable levels by time:
     D:2: 959 daAuts
     D:4: 912 daAuts
     D:3: 791 daAuts
     D:5: 496 daAuts
     D:1: 214 daAuts
 Ossuary: 193 daAuts
     D:6: 75 daAuts
